 Dungeon Crawl Stone Soup version 0.21.0-22-g11d5b52 (webtiles) character file.

11972 mistymad the Martial Artist (level 11, -1/90 HPs)
             Began as an Octopode Transmuter on Jan 19, 2018.
             Slain by a seven-headed hydra (14 damage)
             ... on level 11 of the Dungeon.
             The game lasted 01:17:53 (20858 turns).

mistymad the Martial Artist (Octopode Transmuter)  Turns: 20858, Time: 01:17:56

Health: -1/90      AC:  6    Str:  9    XL:     11   Next: 86%
Magic:  24/28      EV: 13    Int: 18    God:
Gold:   471        SH:  0    Dex: 14    Spells: 1/21 levels left

rFire    . . .     SeeInvis .     - Unarmed
rCold    + + +     Gourm    +   (shield currently unavailable)
rNeg     + . .     Faith    .   (helmet currently unavailable)
rPois    +         Spirit   .   q - amulet of the gourmand
rElec    .         Reflect  .   h - ring of protection from fire
rCorr    +         Harm     .   i - ring of protection from cold
MR       .....                  d - ring of resist corrosion
Stlth    +.........             C - ring of magical power
HPRegen  0.25/turn              L - ring of positive energy
MPRegen  0.21/turn              (no ring)
                                (no ring)
                                (no ring)

@: confusing touch, ice-form
A: large, almost no armour, stealthy swim, amphibious, 8 rings, (constrict 8)
a: End Transformation


You were on level 11 of the Dungeon.
You were not hungry.
You were a creature of crystalline ice.
You visited 2 branches of the dungeon, and saw 12 of its levels.
You also visited: Ossuary.

You collected 471 gold pieces.

Inventory:

Hand Weapons
 k - a +0 hunting sling
 s - a +0 blowgun
Missiles
 a - an arrow
 e - 56 sling bullets
 l - 358 stones (quivered)
 t - 24 poisoned needles
 K - a throwing net
Jewellery
 d - a ring of resist corrosion (on tentacle)
 h - a ring of protection from fire (left front paw)
 i - a ring of protection from cold (right front paw)
 q - an amulet of the gourmand (around neck)
 C - a ring of magical power (on tentacle)
 L - a ring of positive energy (on tentacle)
 N - an uncursed ring of resist corrosion
Wands
 v - a wand of disintegration (3)
 x - a wand of flame (29)
 y - a wand of acid (9)
 A - a wand of enslavement (13)
 S - a wand of paralysis (7)
Scrolls
 f - a scroll of blinking
 g - 4 scrolls of remove curse
 j - 3 scrolls of amnesia
 m - a scroll of identify
 u - a scroll of enchant armour {unknown}
 D - a scroll of torment {unknown}
 H - a scroll of enchant weapon {unknown}
 J - a scroll of noise {unknown}
 M - a scroll of magic mapping {unknown}
 O - a scroll of immolation {unknown}
 T - a scroll of vulnerability {unknown}
Potions
 n - a potion of might
 o - 4 potions of brilliance
 r - a potion of haste {unknown}
 w - 3 potions of invisibility
 z - a potion of berserk rage {unknown}
 B - a potion of flight {unknown}
 E - a potion of degeneration {unknown}
 F - 2 potions of magic
 V - a potion of agility {unknown}
Books
 b - a book of Changes

   Spells                             Type                      Level
   a - Beastly Appendage              Transmutation                1
   b - Sticks to Snakes               Transmutation                2
   c - Spider Form                    Transmutation/Poison         3
   d - Ice Form                       Ice/Transmutation            4
   e - Blade Hands                    Transmutation                5
 p - a book of Misfortune

   Spells                             Type                      Level
   a - Confusing Touch                Hexes                        1
   b - Confuse                        Hexes                        3
   c - Gell's Gravitas                Translocation                3
   d - Petrify                        Transmutation/Earth          4
   e - Metabolic Englaciation         Hexes/Ice                    5
   f - Yara's Violent Unravelling     Hexes/Transmutation          5
 G - a book of Flames

   Spells                             Type                      Level
   a - Flame Tongue                   Conjuration/Fire             1
   b - Throw Flame                    Conjuration/Fire             2
   c - Conjure Flame                  Conjuration/Fire             3
   d - Inner Flame                    Hexes/Fire                   3
   e - Sticky Flame                   Conjuration/Fire             4
   f - Fireball                       Conjuration/Fire             5
 I - a book of Conjurations

   Spells                             Type                      Level
   a - Magic Dart                     Conjuration                  1
   b - Searing Ray                    Conjuration                  2
   c - Dazzling Spray                 Conjuration/Hexes            3
   d - Fulminant Prism                Conjuration/Hexes            4
   e - Force Lance                    Conjuration/Translocation    4
   f - Iskenderun's Mystic Blast      Conjuration                  4
 R - the Volume of Poisoning
   (You found it on level 10 of the Dungeon)

   Spells                             Type                      Level
   a - Poisonous Vapours              Poison/Air                   2
   b - Mephitic Cloud                 Conjuration/Poison/Air       3
   c - Ignite Poison                  Fire/Transmutation/Poison    3
   d - Spider Form                    Transmutation/Poison         3
Comestibles
 c - 13 rations


   Skills:
 + Level 7.4 Fighting
 + Level 6.6 Dodging
 + Level 9.7 Unarmed Combat
 + Level 5.5 Spellcasting
 - Level 2.0 Conjurations
 - Level 2.2 Hexes
 + Level 9.6 Transmutations
 - Level 2.1 Fire Magic
 - Level 2.1 Air Magic
 + Level 4.4 Earth Magic
 - Level 2.0 Poison Magic


You had one spell level left.
You knew the following spells:

 Your Spells              Type           Power        Failure   Level  Hunger
a - Mephitic Cloud        Conj/Pois/Air  ##......     16%         3    ##.....
b - Sticks to Snakes      Tmut           #####...     1%          2    #......
c - Spider Form           Tmut/Pois      ####......   3%          3    ##.....
d - Ice Form              Ice/Tmut       ###.....     17%         4    ####...
e - Conjure Flame         Conj/Fire      ##......     16%         3    ##.....
f - Confusing Touch       Hex            ##....       4%          1    None
g - Petrify               Tmut/Erth      ####....     7%          4    ####...


Dungeon Overview and Level Annotations

Branches:
Dungeon (11/15)            Temple (1/1) D:4             Orc (0/2) D:11
   Lair: D:8-11

Altars:
Ashenzari
Cheibriados
Dithmenos
Elyvilon
Fedhas
Gozag
Hepliaklqana
Kikubaaqudgha
Makhleb
Nemelex Xobeh
Okawaru
Qazlal
Ru
Sif Muna
Trog
Uskayaw
Vehumet
Wu Jian
Xom
Yredelemnul
Zin
The Shining One

Shops:
D:4 [

Annotations:
D:11 skk's ghost, journeyman DsFi


Innate Abilities, Weirdness & Mutations

You cannot wear most types of armour.
You are very stealthy in the water. (Stealth+)
You are amphibious.
You can wear up to eight rings at the same time.
((You can use your tentacles to constrict eight enemies at once.))
((Your skin changes colour to match your surroundings (Stealth+).))
((Your rubbery body absorbs attacks. (AC +1, EV +1)))


Message History

The seven-headed hydra misses you. The seven-headed hydra bites you. x2
The seven-headed hydra misses you. The seven-headed hydra bites you!
The seven-headed hydra barely misses you.
The seven-headed hydra bites you but does no damage.
You take 13 damage, and have 77/90 hp.
You hit the seven-headed hydra but do no damage.
The seven-headed hydra bites you!
The seven-headed hydra completely misses you.
The seven-headed hydra bites you! The seven-headed hydra bites you. x2
The seven-headed hydra bites you but does no damage.
The seven-headed hydra bites you!
You take 36 damage, and have 41/90 hp.
MASSIVE DAMAGE!!
You hit the seven-headed hydra but do no damage.
The seven-headed hydra closely misses you.
The seven-headed hydra bites you! The seven-headed hydra bites you.
* * * LOW HITPOINT WARNING * * *
The seven-headed hydra misses you. The seven-headed hydra bites you!
* * * LOW HITPOINT WARNING * * *
The seven-headed hydra misses you. The seven-headed hydra bites you!
You die...

######### #..
#.........
#..
#.........
#..
#.........
#..
#.........
#>........
#.........
#..D......
###.Y# #....#
#....# #....+
## #....#
>#..#.<..#
..) ...#....#
...#
#..#....####+
...#
#..#.........


You could see a seven-headed hydra.

Vanquished Creatures
  A two-headed ogre (D:10)
  Erica (D:8)
  An unseen horror (D:11)
  The ghost of Duffy the Insei, a novice OpTm of Ru (D:9)
  Pikel (D:5)
  An oklob plant (D:11)
  A cyclops (D:11)
  Joseph (D:7)
  A troll (D:9)
  Prince Ribbit (D:8)
  2 hippogriffs
  A wyvern (D:10)
  4 yaks (D:10)
  3 vampire mosquitoes (D:9)
  2 soldier ants
  A water moccasin (D:10)
  3 porcupines
  4 orc warriors
  2 sky beasts (D:7)
  3 black bears
  2 phantoms
  A necrophage (D:7)
  4 ogres
  2 centaurs
  A big kobold (D:10)
  2 bullfrogs
  A water moccasin skeleton (D:8)
  6 scorpions
  17 killer bees
  A howler monkey (D:5)
  4 crimson imps
  A bullfrog zombie (D:10)
  A quasit (D:8)
  6 hounds
  7 orc wizards
  8 jellies
  2 centaur skeletons
  6 orc priests
  2 bullfrog skeletons
  6 worker ants
  2 iguanas
  2 mummies (Ossuary)
  A howler monkey zombie (D:5)
  6 gnolls
  12 adders
  3 shadow imps
  10 oozes
  8 worms
  A dart slug (D:3)
  11 leopard geckos
  49 orcs
  3 giant cockroaches
  7 goblins
  10 hobgoblins
  8 jackals
  7 quokkas
  A ball python skeleton (D:6)
  16 bats
  3 frilled lizards
  3 gnoll skeletons (Ossuary)
  3 gnoll zombies (Ossuary)
  3 goblin skeletons (Ossuary)
  5 goblin zombies (Ossuary)
  3 hobgoblin skeletons (Ossuary)
  A jackal skeleton (D:4)
  14 kobolds
  A kobold skeleton (Ossuary)
  4 kobold zombies (Ossuary)
  3 orc skeletons (Ossuary)
  3 orc zombies (Ossuary)
  A quokka skeleton (D:7)
  7 rats
  A rat skeleton (Ossuary)
  4 rat zombies (Ossuary)
331 creatures vanquished.

Vanquished Creatures (collateral kills)
  The ghost of zhorgal the Cleaver, a journeyman HuGl of Yredelemnul (D:10)
  2 sky beasts (D:6)
  An ogre (D:5)
  2 killer bees
  2 gnolls (D:3)
  An ooze (D:6)
  A leopard gecko (D:7)
  An orc (D:6)
  A giant cockroach (D:6)
12 creatures vanquished.

Vanquished Creatures (others)
  Menkaure (Ossuary)
  A mummy (Ossuary)
  2 gnoll skeletons (Ossuary)
  A gnoll zombie (Ossuary)
  2 goblin skeletons (Ossuary)
  A goblin zombie (Ossuary)
  A hobgoblin skeleton (Ossuary)
  A hobgoblin zombie (Ossuary)
  2 kobold skeletons (Ossuary)
  A kobold zombie (Ossuary)
  2 orc skeletons (Ossuary)
  2 rat skeletons (Ossuary)
  2 rat zombies (Ossuary)
  15 fungi (D:11)
  2 plants (D:11)
36 creatures vanquished.

Grand Total: 379 creatures vanquished

Notes
Turn   | Place    | Note
-------+----------+-------------------------------------------
     0 | D:1      | mistymad the Octopode Transmuter began the quest for the Orb.
     0 | D:1      | Reached XP level 1. HP: 13/13 MP: 3/3
   332 | D:1      | Reached XP level 2. HP: 18/18 MP: 5/5
   339 | D:1      | Learned a level 2 spell: Sticks to Snakes
   968 | D:1      | Reached XP level 3. HP: 15/23 MP: 4/6
  1225 | D:2      | Reached XP level 4. HP: 21/28 MP: 5/8
  1281 | D:2      | Learned a level 3 spell: Spider Form
  1977 | D:2      | Reached skill level 1 in Poison Magic
  2112 | D:2      | Reached XP level 5. HP: 10/33 MP: 9/9
  2875 | D:3      | Found a faded altar of an unknown god.
  3007 | D:3      | Reached XP level 6. HP: 20/39 MP: 4/11
  3153 | D:3      | Learned a level 4 spell: Ice Form
  3371 | D:3      | Found a glowing silver altar of Zin.
  4679 | D:4      | Found a staircase to the Ecumenical Temple.
  4698 | D:4      | Reached XP level 7. HP: 45/45 MP: 5/12
  4713 | Temple   | Entered the Ecumenical Temple
  4907 | D:4      | Found Ostraac's Antique Armour Shop.
  4987 | D:4      | Found a shimmering altar of Xom.
  4990 | D:4      | Found a shimmering altar of Xom.
  4990 | D:4      | Found a shimmering altar of Xom.
  4991 | D:4      | Found a shimmering altar of Xom.
  4993 | D:4      | Found a shimmering altar of Xom.
  5420 | D:5      | Entered Level 5 of the Dungeon
  5498 | D:5      | Found a basalt altar of Yredelemnul.
  5581 | D:5      | Found an iron altar of Okawaru.
  5582 | D:5      | Found a stormy altar of Qazlal.
  5583 | D:5      | Found a burning altar of Makhleb.
  5583 | D:5      | Found a radiant altar of Vehumet.
  5583 | D:5      | Found a deep blue altar of Sif Muna.
  5584 | D:5      | Found a shimmering altar of Xom.
  6085 | D:5      | Noticed Pikel
  6105 | D:5      | Killed Pikel
  6105 | D:5      | Reached skill level 5 in Transmutations
  6105 | D:5      | Reached XP level 8. HP: 28/52 MP: 6/14
  6418 | D:5      | Found a hazy altar of Hepliaklqana.
  6766 | D:6      | Found a hide-covered altar of Uskayaw.
  7559 | D:6      | Found a hide-covered altar of Uskayaw.
  7720 | D:6      | Found a shattered altar of Ashenzari.
  7787 | D:6      | Found a snail-covered altar of Cheibriados.
  7905 | D:6      | Learned a level 3 spell: Conjure Flame
  8225 | D:6      | Reached XP level 9. HP: 49/57 MP: 15/15
  8539 | D:7      | Noticed Joseph
  8574 | D:7      | Killed Joseph
  8574 | D:7      | Reached skill level 1 in Fire Magic
 10219 | D:8      | Found a sand-covered staircase.
 10234 | Ossuary  | Entered an ossuary
 10431 | Ossuary  | Killed Menkaure
 10912 | D:8      | Reached skill level 1 in Conjurations
 11417 | D:8      | Learned a level 1 spell: Confusing Touch
 11494 | D:8      | Reached skill level 5 in Fighting
 11494 | D:8      | Reached XP level 10. HP: 29/66 MP: 16/16
 11720 | D:8      | Reached skill level 5 in Dodging
 11720 | D:8      | Reached skill level 1 in Hexes
 11970 | D:8      | Noticed Erica
 12589 | D:8      | Killed Erica
 12589 | D:8      | Reached skill level 5 in Spellcasting
 13059 | D:8      | Found a blossoming altar of Fedhas.
 13067 | D:8      | Found a sacrificial altar of Ru.
 13075 | D:8      | Noticed Prince Ribbit
 13119 | D:8      | Killed Prince Ribbit
 13176 | D:8      | Learned a level 4 spell: Petrify
 13563 | D:9      | Reached skill level 1 in Earth Magic
 13582 | D:9      | Noticed Duffy's ghost (novice OpTm)
 14776 | D:9      | Found an iron altar of Okawaru.
 14963 | D:9      | Killed Duffy's ghost
 15155 | D:10     | Entered Level 10 of the Dungeon
 15159 | D:10     | Noticed a seven-headed hydra
 15180 | D:10     | Noticed zhorgal's ghost (journeyman HuGl)
 15187 | D:10     | Reached XP level 11. HP: 65/74 MP: 18/18
 16294 | D:10     | Identified the Volume of Poisoning
 16302 | D:10     | Learned a level 3 spell: Mephitic Cloud
 16448 | D:10     | Killed zhorgal's ghost
 16642 | D:10     | Noticed a two-headed ogre
 16788 | D:10     | Killed a two-headed ogre
 18193 | D:11     | Noticed skk's ghost (journeyman DsFi)
 18622 | D:11     | Reached skill level 1 in Air Magic
 18674 | D:11     | Noticed an oklob plant
 18875 | D:11     | Killed an oklob plant
 19064 | D:11     | HP: 2/75 [something (10)]
 19114 | D:11     | HP: 4/90 [something (4)]
 19400 | D:11     | Noticed a cyclops
 19967 | D:11     | Killed an unseen horror
 20638 | D:11     | Killed a cyclops
 20839 | D:11     | Found a staircase to the Orcish Mines.
 20858 | D:11     | Slain by a seven-headed hydra

Skill      XL: |  1  2  3  4  5  6  7  8  9 10 11 |
---------------+----------------------------------+-----
Transmutations | 3 4 5 6 7 8 9 |  9.6
Poison Magic   | 1 2 |  2.0
Spellcasting   | 3 4 5 |  5.5
Unarmed Combat | 4 6 7 8 9 |  9.7
Fighting       | 2 3 5 6 7 |  7.4
Dodging        | 3 4 5 6 |  6.6
Fire Magic     | 2 |  2.1
Conjurations   | 2 |  2.0
Hexes          | 2 |  2.2
Earth Magic    | 2 4 |  4.4
Air Magic      | 2 |  2.1

Action                   |  1- 3 |  4- 6 |  7- 9 | 10-12 || total
-------------------------+-------+-------+-------+-------++-------
Melee: Unarmed           |    47 |   235 |   333 |   485 ||  1100
       Constrict         |    18 |    16 |    52 |    17 ||   103
       Tentacles         |     8 |    10 |    33 |    12 ||    63
       Kick              |     6 |     3 |    12 |       ||    21
       Punch             |     1 |       |     5 |     8 ||    14
 Fire: Blowgun           |       |       |     2 |       ||     2
 Cast: Beastly Appendage |     6 |     7 |     9 |       ||    22
       Spider Form       |       |    26 |    26 |    38 ||    90
       Sticks to Snakes  |       |     4 |    20 |    10 ||    34
       Confusing Touch   |       |       |       |    41 ||    41
       Ice Form          |       |       |       |    19 ||    19
       Mephitic Cloud    |       |       |       |     1 ||     1
  Use: Scroll            |       |       |    11 |     7 ||    18
       Potion            |       |       |     6 |     8 ||    14
 Stab: Sleeping          |     3 |     7 |     3 |     1 ||    14
       Distracted        |       |     1 |     3 |       ||     4
       Confused          |       |       |       |    18 ||    18
  Eat: Chunk             |     1 |    31 |    27 |    25 ||    84
       Ration            |       |       |       |     1 ||     1
Armor: Skin              |     3 |    23 |    26 |    40 ||    92
Dodge: Dodged            |    37 |   164 |   285 |   422 ||   908
